cohdb
Replays
Latest Replays
All Replays
Popular Replays
Top Player Replays
Match Explorer
How It Works
Community
CoH3 Stats
Reddit
Sign in to upload your games and track your stats! →
Sign in with Steam
Match 46913335
Unlisted
Match 46913335
Overview
Messages
Build Orders
End
Vickers Machine Gun Team
Construct Section Command Post
Infantry Section
Dingo Light Scout Car
Infantry Section
Infantry Section
Royal Engineer Section
Construct Platoon Command Post
Selects Heavy Armor Battlegroup
Selects Rigorous Vehicle Training
Selects Light Vehicle Withdraw and Refit
Olg
yesman55
rocketpossum
Thiklitsa
Lil Pijon
Ashkan_Hunter
0
0
Comments
sign in to comment!
No comments posted yet!